Map: Золотые столпы РВ

Players

demuQueen

  • Race: Terran Terran
  • League: Grandmaster
  • Spawn Location: 7:00

Hawk - Winner!

  • Race: Protoss Protoss
  • League: Grandmaster
  • Spawn Location: 1:00

VOD

Have the link to the VOD?

Description

Time

  • Played on: Feb. 5, 2021, 6:01 a.m.
  • Length: 5:35
Show
View Real Time Build Order
Export as new Build Order

demuQueen Terran 

Build Orders:  

Get SALT Encoding   

  12  0:00  SCV  
  13  0:12  SCV  
  14  0:18  Supply Depot  
  14  0:24  SCV  
  15  0:39  SCV  
  15  0:41  Barracks  
  16  0:45  Refinery  
  16  0:51  SCV  
  17  1:03  SCV  
  18  1:15  SCV  
  19  1:28  Orbital Command, Marine  
  20  1:45  Command Center  
  20  1:47  Barracks Reactor  
  20  1:54  SCV  
  20  2:00  Supply Depot  
  21  2:08  SCV  
  22  2:14  Barracks  
  22  2:20  SCV  
  23  2:25  Marine x2  
  23  2:28  Bunker  
  25  2:32  SCV  
  26  2:40  Barracks  
  26  2:44  SCV  
  27  2:52  Marine x2  
  27  2:57  Orbital Command  
  29  3:01  SCV  
  30  3:05  Barracks Tech Lab  
  30  3:10  Marine x2  
  32  3:13  SCV  
  32  3:19  Supply Depot  
  33  3:23  SCV  
  33  3:25  SCV, Marine  
  36  3:28  Barracks Tech Lab, Marine  
  36  3:30  Marine  
  38  3:35  SCV  
  38  3:39  SCV  
  40  3:43  Marauder  
  40  3:46  Marine  
  40  3:48  Marine, Marauder  
  46  3:50  SCV  
  46  3:52  SCV  
  48  3:56  Supply Depot  
  48  4:02  SCV  
  49  4:04  SCV, Marine  
  49  4:07  Marauder  
  53  4:11  Marine  
  53  4:15  Supply Depot  
  54  4:18  SCV, Marauder  
  54  4:19  SCV  
  54  4:23  Engineering Bay  
  55  4:36  Marine  
  55  4:37  Marine  
  58  4:41  SCV  
  58  4:42  SCV, Marine  
  60  4:48  Marine  
  60  4:51  Missile Turret  
  61  4:55  Missile Turret  
  54  5:05  Missile Turret  
  51  5:15  SCV  
  51  5:18  SCV  
Show
View Real Time Build Order
Export as new Build Order

Hawk Protoss - Winner!

Build Orders: 1 Gate Expand, Dark Templar Rush 

Get SALT Encoding   

  12  0:00  Probe  
  13  0:12  Probe  
  14  0:17  Pylon  
  14  0:24  Probe (Chrono Boost)  
  15  0:30  Assimilator  
  16  0:37  Probe (Chrono Boost)  
  16  0:43  Probe (Chrono Boost)  
  16  0:47  Gateway  
  17  0:51  Probe  
  18  1:03  Probe  
  19  1:16  Probe  
  20  1:26  Nexus  
  20  1:36  Cybernetics Core  
  21  1:40  Probe  
  21  1:45  Assimilator  
  21  1:52  Probe  
  22  1:54  Pylon  
  22  2:04  Probe  
  23  2:09  Stalker (Chrono Boost)  
  23  2:14  Warp Gate  
  25  2:16  Probe  
  26  2:22  Twilight Council  
  26  2:36  Robotics Facility  
  26  2:38  Probe  
  26  2:40  Probe  
  28  2:50  Probe  
  29  2:52  Probe  
  30  2:59  Dark Shrine  
  30  3:07  Gateway  
  30  3:11  Gateway  
  30  3:20  Warp Prism (Chrono Boost)  
  30  3:25  Probe (Chrono Boost)  
  33  3:28  Probe (Chrono Boost)  
  34  3:36  Probe (Chrono Boost)  
  34  3:37  Probe (Chrono Boost), Assimilator  
  34  3:41  Probe (Chrono Boost), Assimilator  
  36  3:43  Probe  
  38  3:49  Pylon  
  38  3:52  Probe  
  38  3:55  Probe  
  40  4:04  Probe  
  42  4:11  Dark Templar  
  42  4:12  Dark Templar x2  
  47  4:19  Probe  
  47  4:20  Pylon  
  48  4:31  Probe  
  47  4:40  Probe  
  47  4:43  Probe  
  49  4:46  Dark Templar x3  
  49  4:52  Probe  
  56  4:55  Probe  
  56  4:56  Immortal (Chrono Boost)  
  61  5:04  Shield Battery  
  61  5:06  Pylon  
  57  5:15  Pylon  
  57  5:25  Dark Templar x3  
Tags
 
Add a new tag
Caveats
  • Supply blocks, unpowered buildings, or Contaminate may cause inaccurate times.
  • Supply counts are checked every 10 seconds.